Unix NetHack Version 5.0.0-0 post-release - last build May 10 2026 23:12:36 (d1fa5d53e341ca933230fdaa984d921c805b60aa,branch:main).

Game began 2026-05-14 18:09:18, ended 2026-05-14 18:21:59.

Koku, neutral female gnomish Wizard

  --    ---
  |.   --.-
---..---..
|...... ..-
   ....[-.---  - |
      -..f[)-- ..|
      ---.|@..o|
        |.|-.%--
        |.| ..|
        |.|-.--
        |.|---
 --------.|
 |........|
 |..--------
 --..-----.--
 --....--...|
 |........*-
 |.........|
 ---.-------
   ---
Koku the Conjurer         St:7 Dx:13 Co:15 In:17 Wi:10 Ch:10  Neutral
Dlvl:5  $:106 HP:0(29) Pw:28(56) AC:6  Xp:5 T:1626 

Latest messages:
 The hobbit wields a runed dagger!
 In what direction? 6
 The spell hits the hobbit!
 You kill the hobbit!
 A potion of sleeping shatters!
 The goblin picks up a runed dagger.
 Tulip bites the goblin.
 The goblin is killed!
 Tulip eats a hobbit corpse.
 Tulip drops a pair of buckled boots.
 You swap places with Tulip.
 You see here a pair of buckled boots.
 The Uruk-hai shoots 2 poisoned crude arrows!
 You are hit by the 1st poisoned crude arrow.
 You feel very sick!
 You feel weaker!
 The Uruk-hai misfires!
 In what direction? 8
 The spell hits the Uruk-hai!
 You kill the Uruk-hai!
 V - a poisoned crude arrow.
 W - a pair of buckled boots.
 What do you want to wear? [W or ?*] W
 You finish your dressing maneuver.
 The Uruk-hai hits!
 In what direction? 9
 The spell hits the Uruk-hai!
 You kill the Uruk-hai!
 There are several objects here.
 V - 10 poisoned crude arrows (11 in total).
 X - a crude bow.
 Tulip eats an Uruk-hai corpse.
 $ - 13 gold pieces (106 in total).
 The Uruk-hai throws a runed dagger!
 A runed dagger misses you.
 The Uruk-hai thrusts her crude short sword.
 The Uruk-hai hits!
 In what direction? 3
 The spell hits the Uruk-hai!
 You kill the Uruk-hai!
 The Uruk-hai shoots 2 poisoned crude arrows!
 You are hit by the 1st poisoned crude arrow.
 You are hit by the 2nd poisoned crude arrow!
 Wizard is about to die.
 You die...
 Do you want your possessions identified? [ynq] (y) y
 Do you want to see your attributes? [ynq] (y) y
 Do you want an account of creatures vanquished? [ynaq] (y) y
 Do you want to see your conduct and achievements? [ynq] (y) y
 Do you want to see the dungeon overview? [ynq] (y) y

Inventory:
 Coins    ('$')
  $ - 106 gold pieces
 Amulets  ('"')
  w - an uncursed amulet of magical breathing
 Weapons  (')')
  V - 11 cursed poisoned +0 orcish arrows
  X - a +0 orcish bow
  q - 33 +0 darts
  D - a +0 dagger (weapon in right hand)
  N - a cursed -1 dagger (at the ready)
  G - a +0 orcish dagger
  a - a blessed +1 quarterstaff
 Armor    ('[')
  U - an uncursed +1 elven leather helm (being worn)
  W - an uncursed +0 pair of jumping boots (being worn)
  b - a blessed +0 cloak of magic resistance (being worn)
 Comestibles  ('%')
  I - an uncursed slime mold
  E - an uncursed food ration
  F - an uncursed tripe ration
 Scrolls  ('?')
  i - a blessed scroll of confuse monster
  H - a cursed scroll of fire
  C - an uncursed scroll of identify
  M - an uncursed scroll of magic mapping
  B - an uncursed scroll of remove curse
  j - a blessed scroll of teleportation
 Spellbooks  ('+')
  l - a blessed spellbook of force bolt
  T - an uncursed spellbook of magic missile
  m - an uncursed spellbook of slow monster
 Potions  ('!')
  O - a blessed potion of extra healing
  h - a blessed potion of sleeping
  f - an uncursed potion of speed
  g - an uncursed potion of water
 Rings    ('=')
  z - an uncursed ring of see invisible
  d - an uncursed ring of stealth
  K - an uncursed ring of teleport control
  e - an uncursed ring of warning
 Wands    ('/')
  A - a wand of cancellation (0:4)
  c - a wand of light (0:13)
 Tools    ('(')
  o - an uncursed blindfold
  n - a magic marker (0:22)
 Gems/Stones  ('*')
  x - an uncursed opal
  Q - an uncursed worthless piece of black glass
  R - an uncursed worthless piece of red glass
  L - 2 uncursed worthless pieces of yellow glass

Koku the Wizard's attributes:

Background:
 You were a Conjurer, a level 5 female gnomish Wizard.
 You were neutral, nominally on a mission for Thoth
 who was opposed by Ptah (lawful) and Anhur (chaotic).
 You were right-handed.
 You were in the Gnomish Mines, on level 5.
 You entered the dungeon 1626 turns ago.
 You had 261 experience points, 59 more were needed to attain level 6.

Basics:
 You had 0 out of 29 hit points.
 You had 28 out of 56 energy points (spell power).
 Your armor class was 6.
 Your wallet contained 106 zorkmids.
 Autopickup was off.

Final Characteristics:
 Your strength was 7 (peak:10, limit:18/50).
 Your dexterity was 13 (limit:18).
 Your constitution was 15 (peak:16, limit:18).
 Your intelligence was 17 (limit:19).
 Your wisdom was 10 (limit:18).
 Your charisma was 10 (limit:18).

Final Status:
 You weren't hungry.
 You were unencumbered.
 You were wielding a dagger.
 You were unskilled in dagger.

Final Attributes:
 You were devoutly aligned.
 You were magic-protected.
 You were telepathic.
 You had infravision.
 You could jump.
 You were warded.
 You are dead.

Miscellaneous:
 You didn't encounter any bones levels.
 Total elapsed playing time was 12 minutes and 41 seconds.

Major events:
 Turn
    1: Koku the neutral female gnomish Wizard entered the dungeon
  519: attained the rank of Conjurer (level 3)
 1562: entered the Gnomish Mines
 1626: killed by an orcish arrow

Spells:
 Name                 Level Category     Fail Retention
 force bolt             1   attack         0%  91%-100%
 magic missile          2   attack         0%  91%-100%
 slow monster           2   enchantment    0%  91%-100%

Skills:
 Fighting Skills
   bare handed combat [Unskilled]
   riding             [Unskilled]
 Weapon Skills
   dagger             [Unskilled]
   knife              [Unskilled]
   axe                [Unskilled]
   short sword        [Unskilled]
   club               [Unskilled]
   mace               [Unskilled]
   quarterstaff       [Basic]
   polearms           [Unskilled]
   spear              [Unskilled]
   trident            [Unskilled]
   sling              [Unskilled]
   dart               [Unskilled]
   shuriken           [Unskilled]
 Spellcasting Skills
   attack spells      [Basic]
   healing spells     [Unskilled]
   divination spells  [Unskilled]
   enchantment spells [Basic]
   clerical spells    [Unskilled]
   escape spells      [Unskilled]
   matter spells      [Unskilled]

Voluntary challenges:
 Character rerolling was not enabled.
 You were an atheist.
 You never genocided any monsters.
 You never polymorphed an object.
 You never changed form.
 You used no wishes.
Achievements:
 You attained the rank of Conjurer.
 You entered the Gnomish Mines.

 The Dungeons of Doom: levels 1 to 4
    Level 1:
       A fountain, a sink.
    Level 2:
    Level 3:
    Level 4:
       A fountain.
       Stairs down to The Gnomish Mines.
 The Gnomish Mines:
    Level 5: <- You were here.
       Final resting place for
          you, killed by an orcish arrow.


Vanquished creatures:
  3 Uruk-hai
  a rock piercer
 10 fog clouds
  2 floating eyes
  2 centipedes
  a giant bat
  3 hobbits
  2 manes
  a giant rat
  a cave spider
  2 garter snakes
  a gecko
  a fox
  a kobold
  2 goblins
  4 sewer rats
  2 grid bugs
  3 newts
42 creatures vanquished.

No species were genocided or became extinct.

Game over:
                       ----------
                      /          \
                     /    REST    \
                    /      IN      \
                   /     PEACE      \
                  /                  \
                  |       Koku       |
                  |      106 Au      |
                  |   killed by an   |
                  |   orcish arrow   |
                  |                  |
                  |                  |
                  |       2026       |
                 *|     *  *  *      | *
        _________)/\\_//(\/(/\)/\//\/|_)_______

Goodbye Koku the Wizard...

You died in The Gnomish Mines on dungeon level 5 with 1350 points,
and 106 pieces of gold, after 1626 moves.
You were level 5 with a maximum of 29 hit points when you died.

